 Dungeon Crawl Stone Soup version 0.22-a0-815-gb582571 (webtiles) character file.

44 inc the Ogre Mage (level 3, -5/31 HPs)
             Began as an Ogre Wizard on July 23, 2018.
             Killed by divine providence
             ... invoked by an orc priest
              (11 damage)
             ... on level 4 of the Dungeon.
             The game lasted 00:02:58 (1993 turns).

inc the Ogre Mage (Ogre Wizard)                     Turns: 1993, Time: 00:02:59

Health: -5/31      AC:  3    Str: 12    XL:     3   Next: 62%
Magic:  8/8        EV: 10    Int: 19    God:
Gold:   167        SH:  0    Dex:  9    Spells: 0/9 levels left

rFire    . . .     SeeInvis .   e - +0 short sword
rCold    + . .     Gourm    .   (no shield)
rNeg     . . .     Faith    .   a - +0 robe
rPois    .         Spirit   .   b - +0 hat
rElec    .         Reflect  .   (no cloak)
rCorr    .         Harm     .   (gloves unavailable)
MR       .....                  (boots unavailable)
Stlth    +.........             (no amulet)
HPRegen  0.10/turn              l - +2 ring of dexterity
MPRegen  0.11/turn              o - ring of protection from cold

@: no status effects
A: large, unfitting armour, tough skin 1
a: no special abilities


You were on level 4 of the Dungeon.
You were not hungry.

You visited 1 branch of the dungeon, and saw 4 of its levels.

You collected 167 gold pieces.

Inventory:

Hand Weapons
 e - a +0 short sword (weapon)
Armour
 a - a +0 robe (worn)
 b - a +0 hat (worn)
Jewellery
 l - a +2 ring of dexterity (left hand)
 o - a ring of protection from cold (right hand)
Scrolls
 c - a scroll of enchant armour {unknown}
 h - a scroll of remove curse {unknown}
 i - a scroll of random uselessness {unknown}
 j - 2 scrolls of fear {unknown}
 k - 3 scrolls of identify {unknown}
 q - a scroll of magic mapping {unknown}
 t - a scroll of amnesia {unknown}
 u - a scroll of teleportation {unknown}
Potions
 f - 2 potions of brilliance {unknown}
 g - a potion of flight {unknown}
 m - a potion of mutation {unknown}
 n - a potion of ambrosia {unknown}
 p - a potion of haste {unknown}
 r - a potion of curing {unknown}
Comestibles
 d - 6 rations


   Skills:
 - Level 1.7 Dodging
 - Level 1.4 Stealth
 - Level 3.6 Spellcasting
 + Level 3.1 Conjurations
   Level 0.8 Summonings
 - Level 0.8 Translocations


You couldn't memorise any spells.
You knew the following spells:

 Your Spells              Type           Power        Failure   Level  Hunger
a - Magic Dart            Conj           ###.         4%          1    None
b - Conjure Flame         Conj/Fire      #.......     22%         3    ###....
c - Mephitic Cloud        Conj/Pois/Air  #.......     28%         3    ###....
j - Blink                 Tloc           N/A          16%         2    ##.....

Your spell library contained the following spells:

 Spells                   Type           Power        Failure   Level  Hunger
 Slow                     Hex            #.......     22%         2    ##.....
 Call Imp                 Summ           #.......     16%         2    ##.....


Dungeon Overview and Level Annotations

Branches:
Dungeon (3/15)

Altars:
Ashenzari
Uskayaw
Xom

Annotations:
D:4 Robin


Innate Abilities, Weirdness & Mutations

You are too large for most types of armour.
You have tough skin. (AC +1)


Message History

The worker ant barely misses you. The worker ant barely misses you.
An ooze, an orc and an orc priest come into view.
The ooze quivers.
The orc priest shouts!
The orc shouts!
You hear a shout!
The ooze hits you. The ooze hits you.
The orc priest looks braver for a moment.
An orc comes into view.
The worker ant bites you!
* * * LOW HITPOINT WARNING * * *
You see here a dagger.
The orc throws a tomahawk.
The tomahawk hits you but does no damage.
The worker ant bites you but does no damage.
You see here a tomahawk.
The orc throws a tomahawk.
The tomahawk completely misses you.
The orc priest calls down the wrath of Beogh upon you.
Beogh smites you!
You die...

.# .# .# .#
'###########
...........# #
........[..##### .#
...........#...###..#
...........+...a@...#
...........#.o.##...#
..#####a####J..##...#
..# #..).Z........#
..##......go........#
.. #......o.........#
. #....#########...#
+...... ...# ##.....
..#


You could see a worker ant, an orc priest, an ooze, 2 orcs, a goblin and a
howler monkey skeleton.

Vanquished Creatures
  An adder (D:2)
  A dart slug (D:3)
  A leopard gecko (D:4)
  2 orcs
  A ball python (D:2)
  4 giant cockroaches
  4 goblins
  3 hobgoblins
  3 bats
  3 frilled lizards
  2 kobolds
  4 rats
29 creatures vanquished.

Notes
Turn   | Place    | Note
-------+----------+-------------------------------------------
     0 | D:1      | inc the Ogre Wizard began the quest for the Orb.
     0 | D:1      | Reached XP level 1. HP: 16/16 MP: 5/5
     8 | D:1      | Reached skill level 1 in Conjurations
   348 | D:1      | Reached XP level 2. HP: 14/24 MP: 1/6
  1085 | D:2      | Found a hide-covered altar of Uskayaw.
  1229 | D:2      | Reached XP level 3. HP: 14/31 MP: 0/8
  1713 | D:2      | Learned a level 3 spell: Conjure Flame
  1717 | D:2      | Learned a level 3 spell: Mephitic Cloud
  1720 | D:2      | Learned a level 2 spell: Blink
  1802 | D:3      | You fall through a shaft!
  1844 | D:4      | Found a shimmering altar of Xom.
  1895 | D:4      | Noticed Robin
  1964 | D:4      | Found a shattered altar of Ashenzari.
  1993 | D:4      | Killed from afar by an orc priest

Vault maps used:
D:1:      dpeg_arrival_tiny_a
D:2:      lemuel_crystal_altar, first_ration
D:3:      kennysheep_generic_room_14
D:4:      lemuel_coloured_pillars_altar, overflow_temple_1_default,
          overflow_temple_1_default, cheibriados_altar_1, uniq_robin,
          uniq_eustachio

Skill      XL: |  1  2  3 |
---------------+----------+-----
Conjurations   | 1 2 3 |  3.1
Dodging        | |  1.7
Stealth        | |  1.4
Spellcasting   | |  3.6
Summonings     | |  0.8
Translocations | |  0.8

Action                   || total
-------------------------++-------
Melee: Short sword       ||    18
       Unarmed           ||     1
 Cast: Magic Dart        ||    76
       Conjure Flame     ||     1
       Mephitic Cloud    ||     1
  Eat: Chunk             ||     3
Armor: Robe              ||    15
Dodge: Dodged            ||    27

Table legend:
 A = Spawn XP
 B = Non-spawn XP
 C = Spawn XP percentage of total XP
 D = Spawn monster count
 E = Non-spawn monster count
 F = Spawn count percentage of total count
 G = Total turns spent on level
                    A         B        C        D         E        F      G
               +---------+---------+-------+---------+---------+-------+---------
         Total |       0 |      64 |   0.0 |       0 |      29 |   0.0 |  1993
               +---------+---------+-------+---------+---------+-------+---------
           D:1 |       0 |      16 |   0.0 |       0 |      11 |   0.0 |   637
           D:2 |       0 |      30 |   0.0 |       0 |      10 |   0.0 |   944
           D:3 |       0 |      11 |   0.0 |       0 |       5 |   0.0 |   221
           D:4 |       0 |       7 |   0.0 |       0 |       3 |   0.0 |   191
               +---------+---------+-------+---------+---------+-------+---------
